 Dungeon Crawl Stone Soup version 0.30.1-4-g462c640d31 (webtiles) character file.

Game seed: 624059390517543303

2092 FishyPogo the Insei (level 9, -10/68 HPs)
             Began as a Gnoll Transmuter on Aug 19, 2023.
             Was a Priest of the Shining One.
             Mangled by an orc warrior
             ... wielding a +0 war axe
              (13 damage)
             ... in a bailey.
             The game lasted 00:13:05 (5028 turns).

FishyPogo the Insei (Gnoll Transmuter)              Turns: 5028, Time: 00:13:05

Health: -10/68     AC:  7    Str: 10    XL:     9   Next: 27%
Magic:  18/18      EV: 16    Int: 17    God:    the Shining One [***...]
Gold:   350        SH:  0    Dex: 18    Spells: 15/21 levels left

rFire   . .          .
                       - Unarmed
rCold   . . .        (no shield)
rNeg    + . .        a - +0 robe
rPois   .            (helmet currently unavailable)
rElec   .            (no cloak)
rCorr   .            n - +0 pair of gloves
SInv    .            (boots currently unavailable)
Will    .....        w - amulet of magic regeneration
Stlth   +            k - +4 ring of protection
HPRegen 0.31/turn    y - +6 ring of dexterity
MPRegen 0.56/turn

%: no passive effects
@: appendages (expiring), flying, glowing, studying Dodging
A: horns 2, talons 2, fangs 1, strong nose, distributed training
a: End Transformation, Renounce Religion, Divine Shield, Cleansing Flame


You were in a bailey.
You worshipped the Shining One.
The Shining One was most pleased with you.
You had temporarily grown beastly horns and talons.
You visited 1 branch of the dungeon, and saw 7 of its levels.
You also visited: Bailey.

You collected 350 gold pieces.

Inventory:

Missiles
 c - 62 stones
 z - 4 curare-tipped darts
Armour
 a - a +0 robe (worn)
 n - a +0 pair of gloves (worn)
Jewellery
 k - a +4 ring of protection (left hand)
 v - a +5 ring of evasion
 w - an amulet of magic regeneration (around neck)
 x - a ring of protection from cold
 y - a +6 ring of dexterity (right hand)
 A - a ring of see invisible
Wands
 l - a wand of iceblast (33)
 m - a wand of flame (11)
Scrolls
 e - 4 scrolls of identify
 f - 2 scrolls of amnesia
 h - 2 scrolls of fog
 o - a scroll of vulnerability
 p - a scroll of teleportation
 q - 2 scrolls of immolation
 r - 2 scrolls of enchant armour
 s - a scroll of brand weapon
 u - a scroll of blinking
Potions
 b - 6 potions of lignification
 d - 4 potions of flight
 g - 3 potions of curing {unknown}
 i - a potion of invisibility {unknown}
 j - 2 potions of heal wounds {unknown}
 t - a potion of ambrosia {unknown}


   Skills:
 + Level 5.0 Fighting
 + Level 4.2 Short Blades
 + Level 4.2 Long Blades
 + Level 4.2 Axes
 + Level 4.2 Maces & Flails
 + Level 4.2 Polearms
 + Level 4.2 Staves
 + Level 4.2 Ranged Weapons
 + Level 4.2 Throwing
 + Level 4.2 Armour
 + Level 7.4 Dodging
 + Level 4.2 Stealth
 + Level 4.2 Shields
 + Level 7.9 Unarmed Combat
 + Level 6.6 Spellcasting
 + Level 3.5 Conjurations
 + Level 3.5 Hexes
 + Level 3.5 Summonings
 + Level 3.5 Necromancy
 + Level 3.5 Translocations
 + Level 5.2 Transmutations
 + Level 3.5 Fire Magic
 + Level 3.5 Ice Magic
 + Level 3.5 Air Magic
 + Level 3.5 Earth Magic
 + Level 3.5 Poison Magic
 + Level 4.6 Invocations
 + Level 4.2 Evocations


You had 15 spell levels left.
You knew the following spells:

 Your Spells              Type           Power      Damage    Failure   Level
a - Beastly Appendage     Tmut           46%        N/A       1%          1
b - Wereblood             Tmut           23%        N/A       2%          2
c - Spider Form           Tmut/Pois      20%        N/A       6%          3

Your spell library contained the following spells:

 Spells                   Type           Power      Damage    Failure   Level
 Shock                    Conj/Air       68%        1d7       3%          1
 Summon Small Mammal      Summ           68%        N/A       3%          1
 Call Canine Familiar     Summ           17%        N/A       9%          3
 Gell's Gravitas          Tloc           17%        N/A       9%          3
 Summon Guardian Golem    Hex/Summ       17%        N/A       9%          3
 Swiftness                Air            17%        N/A       9%          3
 Teleport Other           Tloc           17%        N/A       9%          3
 Ice Form                 Ice/Tmut       20%        N/A       21%         4
 Airstrike                Air            8%         2d(2-18)  28%         4
 Conjure Ball Lightning   Conj/Air       8%         3x3d6     99%         6
 Dispersal                Tloc           8%         N/A       99%         6
 Discord                  Hex            8%         N/A       100%        8
 Disjunction              Tloc           8%         N/A       100%        8


Dungeon Overview and Level Annotations

Branches:
Dungeon (7/15)             Temple (0/1) D:7          Bailey (1/1)

Altars:
Ru
Uskayaw
Vehumet
Xom
The Shining One


Innate Abilities, Weirdness & Mutations

You have temporarily grown beastly horns and talons.
You have very sharp teeth.
Your uncanny sense of smell can sniff out nearby items.
Your experience applies equally to all skills.


Message History

Your headbutt misses the orc warrior. Your punch misses the orc warrior.
The orc warrior is moderately wounded.
The orc warrior hits you with a +0 hand axe.
The orc warrior barely misses you.
You barely miss the orc warrior. You headbutt the orc warrior!
You bite the orc warrior, but do no damage.
The orc warrior is severely wounded.
The orc warrior completely misses you.
The orc warrior hits you with a +0 war axe!
You punch the orc warrior! Your kick misses the orc warrior.
The orc warrior is almost dead.
The orc warrior closely misses you.
The orc warrior hits you with a +0 war axe!
You barely miss the orc warrior.
You headbutt the orc warrior, but do no damage.
The orc warrior is almost dead.
The orc warrior misses you. The orc warrior closely misses you.
You hit the orc warrior. Your headbutt misses the orc warrior.
The orc warrior is lightly wounded.
The orc warrior hits you with a +0 hand axe.
The orc warrior hits you with a +0 war axe!
You are too injured to fight recklessly!
You hit the orc warrior but do no damage.
Your kick misses the orc warrior.
The orc warrior is almost dead.
Your transformation is almost over.
You are too injured to fight recklessly!
You barely miss the orc warrior. You claw the orc warrior.
You kill the orc warrior!
The orc warrior hits you with a +0 war axe!
* * * LOW HITPOINT WARNING * * *
You hit the orc warrior but do no damage.
The orc warrior is lightly wounded.
The orc warrior hits you with a +0 war axe!
* * * LOW HITPOINT WARNING * * *
It was a potion of flight.
You feel very buoyant.
You fly up into the air.
The orc warrior hits you with a +0 war axe!
You die...

∆ #########
#.......# 8.8.8.#
#≈≈≈≈≈#
#.).######≈≈≈≈≈#
#.o@...#.~≈≈≈≈≈#
#......#.~≈≈≈≈.#####
#####''#.~≈≈≈≈......
#.....#.~≈≈≈≈......
#.....'............
#..⌠).'..........∩.
#...).'............
#.....#.~≈≈≈≈......
####++#.~≈≈≈≈......


You could see an orc warrior.

Vanquished Creatures
  An unseen horror (D:6)
  Menkaure (D:7)
  A water moccasin (D:6)
  An orc warrior (Bailey)
  4 black bears
  2 bullfrogs
  3 scorpions (D:5)
  A killer bee (D:4)
  3 howler monkeys (D:7)
  2 jellies (D:4)
  4 hounds
  2 orc priests
  2 iguanas
  3 sleepcaps
  4 orc wizards
  2 gnolls (D:5)
  5 adders
  2 shadow imps
  3 white imps
  An ufetubus (D:5)
  A worm (D:2)
  A dart slug (D:2)
  16 orcs
  6 ball pythons
  4 endoplasms
  A giant cockroach (D:4)
  14 goblins
  11 hobgoblins
  10 jackals
  A quokka (D:2)
  6 bats
  A frilled lizard (D:1)
  8 kobolds
  8 rats
135 creatures vanquished.

Vanquished Creatures (others)
  2 orcs (D:3)
2 creatures vanquished.

Grand Total: 137 creatures vanquished

Notes
Turn   | Place    | Note
-------+----------+-------------------------------------------
     0 | D:1      | FishyPogo the Gnoll Transmuter began the quest for the Orb.
     0 | D:1      | Reached XP level 1. HP: 17/17 MP: 6/6
   140 | D:1      | Reached XP level 2. HP: 21/23 MP: 7/7
   143 | D:1      | Learned a level 2 spell: Wereblood
   185 | D:1      | Found a faded altar of an unknown god.
   204 | D:1      | Prayed at the altar of an unknown god.
   204 | D:1      | Became a worshipper of the Shining One
   204 | D:1      | Reached * piety under the Shining One
   451 | D:1      | Reached skill level 5 in Spellcasting
   451 | D:1      | Reached XP level 3. HP: 28/28 MP: 6/9
   899 | D:1      | Reached skill level 1 in Invocations
   958 | D:2      | Found a hide-covered altar of Uskayaw.
  1463 | D:2      | Reached skill level 1 in Short Blades
  1463 | D:2      | Reached skill level 1 in Long Blades
  1463 | D:2      | Reached skill level 1 in Axes
  1463 | D:2      | Reached skill level 1 in Maces & Flails
  1463 | D:2      | Reached skill level 1 in Polearms
  1463 | D:2      | Reached skill level 1 in Staves
  1463 | D:2      | Reached skill level 1 in Ranged Weapons
  1463 | D:2      | Reached skill level 1 in Throwing
  1463 | D:2      | Reached skill level 1 in Armour
  1463 | D:2      | Reached skill level 1 in Stealth
  1463 | D:2      | Reached skill level 1 in Shields
  1463 | D:2      | Reached skill level 1 in Evocations
  1658 | D:2      | Reached XP level 4. HP: 30/34 MP: 9/11
  2112 | D:3      | Reached skill level 1 in Conjurations
  2112 | D:3      | Reached skill level 1 in Hexes
  2112 | D:3      | Reached skill level 1 in Summonings
  2112 | D:3      | Reached skill level 1 in Necromancy
  2112 | D:3      | Reached skill level 1 in Translocations
  2112 | D:3      | Reached skill level 1 in Fire Magic
  2112 | D:3      | Reached skill level 1 in Ice Magic
  2112 | D:3      | Reached skill level 1 in Air Magic
  2112 | D:3      | Reached skill level 1 in Earth Magic
  2112 | D:3      | Reached skill level 1 in Poison Magic
  2115 | D:3      | Reached XP level 5. HP: 32/40 MP: 12/12
  2649 | D:4      | Learned a level 3 spell: Spider Form
  2652 | D:4      | Reached ** piety under the Shining One
  2690 | D:4      | Noticed a +0 dagger
  2690 | D:4      | Noticed a +0 dagger
  2695 | D:4      | Found a hide-covered altar of Uskayaw.
  2752 | D:4      | Reached XP level 6. HP: 41/47 MP: 9/13
  2762 | D:4      | Reached skill level 5 in Dodging
  3106 | D:5      | Entered Level 5 of the Dungeon
  3114 | D:5      | Noticed a black bear
  3119 | D:5      | Killed a black bear
  3120 | D:5      | Reached XP level 7. HP: 41/52 MP: 13/15
  3365 | D:5      | Found a sacrificial altar of Ru.
  3473 | D:5      | Found a radiant altar of Vehumet.
  3473 | D:5      | Found a shimmering altar of Xom.
  3788 | D:5      | Reached XP level 8. HP: 60/60 MP: 14/16
  4055 | D:6      | Reached *** piety under the Shining One
  4451 | D:6      | Noticed an unseen horror
  4479 | D:6      | Killed an unseen horror
  4627 | D:6      | Reached skill level 5 in Transmutations
  4891 | D:7      | Reached XP level 9. HP: 66/66 MP: 18/18
  4898 | D:7      | Noticed Menkaure
  4908 | D:7      | Killed Menkaure
  4966 | D:7      | Reached skill level 5 in Fighting
  4979 | D:7      | Found a flagged portal.
  4985 | Bailey   | Entered a bailey
  5027 | Bailey   | HP: 2/68 [orc warrior/+0 war axe (11)]
  5028 | Bailey   | Mangled by an orc warrior

Illustrated notes

Levels and vault maps discovered:
D:1:      dpeg_arrival_subterranean_lakeside_camping, layout_basic,
          chequers_ecumenical_altar_island, serial_forest,
          infiniplex_forest_clump_small, infiniplex_forest_lined_3_way,
          infiniplex_forest_lined_2, infiniplex_forest_lined_2,
          infiniplex_forest_end_1, infiniplex_forest_clump_tiny,
          infiniplex_forest_clump_C, hangedman_decor_clover_reticule,
          nrook_mini_backslash, nrook_mini_vaults
D:2:      layout_loops_cross, basic_altar, minmay_misc_feat_diagonals
D:3:      layout_basic, minmay_misc_feat_five, lemuel_flame_loot_1
D:4:      layout_rooms, dancing_weapons_uskayaw, minmay_manual_mess
D:5:      layout_loops_ring, nicolae_ru_the_path_less_chosen,
          nicolae_overflow_two_pavilions
D:6:      layout_cave_pools
D:7:      layout_cave_pods, pdpol_temple_overflow_zin_treasury_gozag_greed,
          temple_doors_cd, enter_bailey_3,
          nicolae_concentric_dashed_squares_wild, minmay_tree_intersection,
          uniq_menkaure
Bailey:   bailey_axe_of_yendor_kennysheep, bailey

Skill      XL: |  1  2  3  4  5  6  7  8  9 |
---------------+----------------------------+-----
Spellcasting   | 5 6 |  6.6
Invocations    | 1 2 3 4 |  4.6
Short Blades   | 1 2 3 4 |  4.2
Long Blades    | 1 2 3 4 |  4.2
Axes           | 1 2 3 4 |  4.2
Maces & Flails | 1 2 3 4 |  4.2
Polearms       | 1 2 3 4 |  4.2
Staves         | 1 2 3 4 |  4.2
Ranged Weapons | 1 2 3 4 |  4.2
Throwing       | 1 2 3 4 |  4.2
Armour         | 1 2 3 4 |  4.2
Stealth        | 1 2 3 4 |  4.2
Shields        | 1 2 3 4 |  4.2
Evocations     | 1 2 3 4 |  4.2
Conjurations   | 1 2 3 |  3.5
Hexes          | 1 2 3 |  3.5
Summonings     | 1 2 3 |  3.5
Necromancy     | 1 2 3 |  3.5
Translocations | 1 2 3 |  3.5
Fire Magic     | 1 2 3 |  3.5
Ice Magic      | 1 2 3 |  3.5
Air Magic      | 1 2 3 |  3.5
Earth Magic    | 1 2 3 |  3.5
Poison Magic   | 1 2 3 |  3.5
Fighting       | 3 4 5 |  5.0
Transmutations | 4 5 |  5.2
Dodging        | 5 6 7 |  7.4
Unarmed Combat | 7 |  7.9

Action                     |  1- 3 |  4- 6 |  7- 9 || total
---------------------------+-------+-------+-------++-------
  Melee: Unarmed           |    96 |    99 |   158 ||   353
         Kick              |    23 |    30 |    56 ||   109
         Bite              |    12 |    11 |    27 ||    50
         Headbutt          |    10 |    15 |    46 ||    71
         Punch             |     3 |     4 |     7 ||    14
   Cast: Beastly Appendage |    34 |    30 |    23 ||    87
         Wereblood         |       |     1 |     2 ||     3
    Use: Scroll            |       |     1 |     9 ||    10
         Potion            |       |       |     1 ||     1
 Armour: Robe              |    14 |    37 |    39 ||    90
  Dodge: Dodged            |    45 |    86 |   115 ||   246
